 Dungeon Crawl Stone Soup version 0.28.0-43-g3370ac3207 (webtiles) character file.

Game seed: 12805631939909321229

537 atprogue the Slasher (level 7, -1/53 HPs)
             Began as a Human Cinder Acolyte on Mar 20, 2022.
             Was an Initiate of Ignis.
             Splashed by a jelly's acid (6 damage)
             ... on level 4 of the Dungeon.
             The game lasted 00:35:32 (3667 turns).

atprogue the Slasher (Human Cinder Acolyte)         Turns: 3667, Time: 00:35:34

Health: -1/53      AC: -1    Str: 16    XL:     7   Next: 50%
Magic:  4/10       EV: 12    Int: 14    God:    Ignis [......]
Gold:   119        SH:  0    Dex:  9    Spells: 5/10 levels left

rFire   + . .      SeeInvis .   q - +1 dagger (holy)
rCold   + . .      Faith    .   (no shield)
rNeg    . . .      Spirit   .   g - +2 robe {rC+}
rPois   .          Reflect  .   f - +0 helmet
rElec   .          Harm     .   (no cloak)
rCorr   .          Rampage  .   m - +0 pair of gloves
Will    .....                   (no boots)
Stlth   ++........              (no amulet)
HPRegen 0.17/turn               x - +4 ring of protection
MPRegen 0.12/turn               (no ring)

@: corroded
A: no striking features
a: Renounce Religion


You were on level 4 of the Dungeon.
You worshipped Ignis.
Ignis was noncommittal.
You visited 2 branches of the dungeon, and saw 5 of its levels.

You collected 119 gold pieces.

Inventory:

Hand Weapons
 a - a -1 falchion of flaming
 c - a +0 hunting sling
 d - a +0 short sword
 q - a +1 dagger of holy wrath (weapon)
 r - a +0 falchion of distortion
Missiles
 e - 60 stones
 i - 96 arrows
 v - 38 sling bullets
Armour
 b - a +0 robe
 f - a +0 helmet (worn)
 g - a +2 robe of cold resistance (worn)
 m - a +0 pair of gloves (worn)
 u - a +0 scale mail
Jewellery
 w - an amulet of faith
 x - a +4 ring of protection (left hand)
 y - a ring of flight
Wands
 s - a wand of iceblast (10) (quivered)
Scrolls
 h - 3 scrolls of teleportation
 j - 2 scrolls of magic mapping
 o - a scroll of immolation {unknown}
Potions
 k - a potion of might
 l - a potion of haste {unknown}
 n - a potion of lignification {unknown}
 p - a potion of cancellation {unknown}
 t - 2 potions of mutation {unknown}
 z - a potion of berserk rage {unknown}
 A - 2 potions of heal wounds {unknown}


   Skills:
 + Level 3.8 Fighting
 + Level 1.9(3.5) Short Blades
 + Level 4.7(4.9) Long Blades
 + Level 0.1 Armour
 + Level 3.1 Dodging
 + Level 2.1 Stealth
 + Level 2.2 Spellcasting
 + Level 4.1 Fire Magic


You had 5 spell levels left.
You knew the following spells:

 Your Spells              Type           Power      Damage    Failure   Level
a - Scorch                Fire           26%        2d6       6%          2
b - Tukima's Dance        Hex            1%         N/A       56%         3

Your spell library contained the following spells:

 Spells                   Type           Power      Damage    Failure   Level
 Anguish                  Hex/Necr       0%         N/A       93%         4
 Enfeeble                 Hex            0%         N/A       100%        7


Dungeon Overview and Level Annotations

Branches:
Dungeon (4/15)             Temple (1/1) D:4

Altars:
Ashenzari
Cheibriados
Dithmenos
Elyvilon
Fedhas
Gozag
Hepliaklqana
Kikubaaqudgha
Makhleb
Okawaru
Qazlal
Ru
Sif Muna
Trog
Uskayaw
Vehumet
Wu Jian
Xom
Yredelemnul
Zin
The Shining One

Shops:
D:2 [


Message History

The water moccasin skeleton bites you but does no damage.
You hit the water moccasin skeleton.
The water moccasin skeleton convulses.
You destroy the water moccasin skeleton!
An adder zombie comes into view.
You see here a giant cockroach corpse.
You see here a giant cockroach corpse.
A jelly comes into view.
The jelly quivers.
The jelly hits you but does no damage.
You hit the jelly.
Your hands burn!
The jelly is lightly wounded.
The jelly hits you but does no damage.
You hit the jelly but do no damage.
Your hands burn!
The jelly is lightly wounded.
The jelly closely misses you.
You hit the jelly.
Your hands burn!
The jelly is lightly wounded.
The jelly closely misses you.
You hit the jelly.
Your hands burn!
You punch the jelly.
The jelly is heavily wounded.
The jelly hits you but does no damage.
You completely miss the jelly.
The jelly is heavily wounded.
The jelly hits you but does no damage.
You hit the jelly.
Your hands burn!
The jelly is severely wounded.
You hit the jelly.
Your hands burn!
The jelly is almost dead.
The jelly hits you. The acid corrodes you!
You are splashed with acid!
You hit the jelly. The acid corrodes you!
Your hands burn!
The jelly is almost dead.
The jelly hits you. The acid corrodes you!
You are splashed with acid!
* * * LOW HITPOINT WARNING * * *
You hit the jelly but do no damage. The acid corrodes you!
Your hands burn!
* * * LOW HITPOINT WARNING * * *
The jelly is almost dead.
The jelly hits you.
* * * LOW HITPOINT WARNING * * *
You are splashed with acid.
You die...

..≈ #..≈.≈.# .# ....
##≈≈≈≈≈≈#####.# ....
#..≈≈≈........# .....
#..≈≈≈≈P....#
.....#####...........#
.............##......###
#............#####..P...
#........†........<..P..
#.....J@......#####...P#
####>...............P...
#.######.########.### #.
#.# ...... . #.# ##.#...
. #.# #.#... .. #.#
#.#... #.#... #.#...


You could see a jelly.

Vanquished Creatures
  A water moccasin (D:4)
  A necrophage (D:4)
  A water moccasin skeleton (D:4)
  A hound (D:4)
  A centaur skeleton (D:4)
  Terence (D:2)
  A bullfrog skeleton (D:4)
  A scorpion zombie (D:4)
  Robin (D:2)
  2 hound skeletons (D:4)
  An adder (D:3)
  A howler monkey skeleton (D:4)
  An ufetubus (D:4)
  2 adder zombies (D:4)
  2 adder skeletons (D:4)
  5 dart slugs
  2 orcs (D:4)
  6 endoplasms
  2 giant cockroaches
  21 goblins
  7 hobgoblins
  2 jackals (D:2)
  6 kobolds
  A quokka (D:2)
  3 ball pythons
  5 bats
  2 frilled lizards
  5 rats
  2 bushes (D:1)
87 creatures vanquished.

Vanquished Creatures (others)
  59 foxfires
  A fungus (D:2)
  8 plants
  2 withered plants (D:4)
70 creatures vanquished.

Grand Total: 157 creatures vanquished

Notes
Turn   | Place    | Note
-------+----------+-------------------------------------------
     0 | D:1      | atprogue the Human Cinder Acolyte began the quest for the
                  | Orb.
     0 | D:1      | Reached XP level 1. HP: 18/18 MP: 2/2
   639 | D:1      | Found a faded altar of an unknown god.
   855 | D:1      | Reached XP level 2. HP: 24/24 MP: 3/3
  1286 | D:1      | You fall into a shaft and drop 1 floor!
  1327 | D:2      | Found Dekyol's Antique Armour Shoppe.
  1374 | D:2      | Noticed Robin
  1383 | D:2      | Reached XP level 3. HP: 21/29 MP: 4/4
  1393 | D:2      | Killed Robin
  1394 | D:2      | Reached skill level 1 in Dodging
  1508 | D:2      | Learned a level 2 spell: Scorch
  1531 | D:2      | Found a shadowy altar of Dithmenos.
  1681 | D:2      | Noticed Terence
  1692 | D:2      | Killed Terence
  1693 | D:2      | Reached XP level 4. HP: 11/35 MP: 0/5
  1857 | D:2      | Learned a level 3 spell: Tukima's Dance
  2283 | D:3      | Reached XP level 5. HP: 35/41 MP: 7/7
  2639 | D:4      | Reached skill level 1 in Stealth
  2639 | D:4      | Reached XP level 6. HP: 43/47 MP: 6/8
  2673 | D:4      | Noticed a water moccasin
  2697 | D:4      | Killed a water moccasin
  2698 | D:4      | Reached skill level 1 in Short Blades
  2735 | D:4      | Found a staircase to the Ecumenical Temple.
  2960 | Temple   | Entered the Ecumenical Temple
  3572 | D:4      | Noticed a necrophage
  3584 | D:4      | Killed a necrophage
  3585 | D:4      | Reached XP level 7. HP: 52/53 MP: 0/10
  3667 | D:4      | Splashed by a jelly's acid

Illustrated notes

Levels and vault maps discovered:
D:1:      psy_arrival_conway, layout_loops_ring, serial_forest,
          infiniplex_forest_lined_2, infiniplex_forest_clump_large,
          infiniplex_forest_end_1, infiniplex_forest_clump_double,
          infiniplex_forest_lined_2, infiniplex_forest_3_way,
          infiniplex_forest_zigzag_1, infiniplex_forest_end_2,
          infiniplex_forest_straight_5, shapermc_ecumenical_altar_gd
D:2:      layout_basic, basic_altar, serial_shops, shop_statue, uniq_robin,
          uniq_crazy_yiuf_cottage, uniq_terence
D:3:      cheibrodos_greedy_goblins, layout_basic, minmay_joined_circles
D:4:      corexii_shack_village, layout_basic, minmay_temple_entry_overgrown,
          serial_shops, shop, serial_undead, serial_undead_f, serial_undead_b,
          serial_undead_f, serial_undead_a, serial_undead_b, serial_undead_b
Temple:   compressed_dpeg_circular_temple

Skill      XL: |  1  2  3  4  5  6  7 |
---------------+----------------------+-----
Dodging        | 1 2 3 |  3.1
Long Blades    | 4 |  4.7
Stealth        | 1 2 |  2.1
Short Blades   | 1 |  1.9
Spellcasting   | 2 |  2.2
Fire Magic     | 4 |  4.1
Fighting       | |  3.8
Armour         | |  0.1

Action                   |  1- 3 |  4- 6 |  7- 9 || total
-------------------------+-------+-------+-------++-------
Melee: Falchion          |   439 |       |       ||   439
       Punch             |     7 |     2 |     1 ||    10
       Dagger            |    16 |   115 |    38 ||   169
 Cast: Scorch            |     3 |    10 |     3 ||    16
Invok: Foxfire Swarm     |     2 |     4 |       ||     6
       Fiery Armour      |     2 |     2 |       ||     4
       Rising Flame      |       |     1 |       ||     1
  Use: Scroll            |     3 |     5 |       ||     8
 Stab: Sleeping          |       |     1 |       ||     1
Armor: Robe              |    35 |    65 |    24 ||   124
       Scale mail        |       |     1 |       ||     1
Dodge: Dodged            |    65 |    95 |    20 ||   180
